 Dungeon Crawl Stone Soup version 0.21-a0-264-g3e31e41 (webtiles) character file.

38917 Monsterracer the Grappler (level 14, -12/150 HPs)
             Began as an Ogre Transmuter on Sept 9, 2017.
             Was an Elder of Wu Jian.
             Mangled by a sun demon (17 damage)
             ... summoned by an orc high priest
             ... on level 2 of the Orcish Mines.
             The game lasted 00:45:29 (26452 turns).

Monsterracer the Grappler (Ogre Transmuter)        Turns: 26452, Time: 00:45:30

Health: -12/150    AC:  7    Str: 21    XL:     14   Next: 4%
Magic:  14/21      EV: 12    Int: 20    God:    Wu Jian [****..]
Gold:   1186       SH:  0    Dex:  9    Spells: 11/23 levels left

rFire    . . .     SeeInvis .     - Unarmed
rCold    . . .     Gourm    .   (shield currently unavailable)
rNeg     . . .     Faith    .   M - +2 robe {MR+}
rPois    .         Spirit   .   (helmet restricted)
rElec    .         Reflect  .   (no cloak)
rCorr    .         Harm     .   (gloves unavailable)
MR       +++..                  (boots unavailable)
Stlth    +.........             F - amulet of rage
HPRegen  0.35/turn              e - ring of protection from magic
MPRegen  0.17/turn              q - +4 ring of strength

@: about to teleport, blade hands
A: unfitting armour, antennae 1, icy blue scales 1, clever 1, tough skin 1
a: End Transformation, Serpent's Lash, Renounce Religion, Evoke Berserk Rage


You were on level 2 of the Orcish Mines.
You worshipped Wu Jian.
Wu Jian was greatly pleased with you.
You were hungry.
You had blades for hands.
You visited 4 branches of the dungeon, and saw 19 of its levels.

You collected 1186 gold pieces.

Inventory:

Missiles
 a - 301 arrows
Armour
 K - +0 steam dragon scales
 M - a +2 robe of magic resistance (worn)
Magical Staves
 b - an uncursed staff of wizardry {!a}
Jewellery
 e - a ring of protection from magic (left scythe-like blade)
 q - a +4 ring of strength (right scythe-like blade)
 F - an amulet of rage (around neck)
Wands
 u - a wand of lightning (10/15)
 y - a wand of flame (15/48)
 B - a wand of scattershot (4/9)
 E - a wand of scattershot (5/9)
 G - a wand of lightning (3/15)
 H - a wand of iceblast (7/15)
 L - a wand of scattershot (6/9)
Scrolls
 g - a scroll of amnesia
 j - 2 scrolls of recharging
 k - 3 scrolls of enchant armour
 p - 9 scrolls of magic mapping
 s - 3 scrolls of teleportation
 t - 9 scrolls of remove curse
 J - a scroll of fog
Potions
 h - a potion of magic
 i - 2 potions of haste
 m - 4 potions of brilliance
 n - a potion of cancellation
 o - 3 potions of flight
 r - 4 potions of heal wounds
 w - 3 potions of resistance
 x - 3 potions of invisibility
 z - 4 potions of curing
 A - 2 potions of might
 C - 2 potions of ambrosia
 D - 4 potions of agility
 I - a potion of mutation
Comestibles
 d - 7 bread rations
 f - 6 meat rations
 l - 7 royal jellies
 v - 3 fruits


   Skills:
 + Level 12.9 Fighting
 + Level 5.6 Dodging
 * Level 13.8 Unarmed Combat
 - Level 5.0 Spellcasting
 - Level 4.0 Hexes
 - Level 11.0 Transmutations
 - Level 4.0 Ice Magic
 + Level 2.2 Evocations


You had 11 spell levels left.
You knew the following spells:

 Your Spells              Type           Power        Failure   Level  Hunger
a - Ice Form              Ice/Tmut       #####...     34%         4    ####...
b - Sticks to Snakes      Tmut           #####...     9%          2    None
c - Confusing Touch       Hex            ###...       22%         1    None
d - Blade Hands           Tmut           #####.....   26%         5    #####..


Dungeon Overview and Level Annotations

Branches:
Dungeon (10/15)            Temple (1/1) D:6            Lair (6/6) D:10
  Swamp (0/4) Lair:4       Spider (0/4) Lair:3        Slime (0/5) Lair:5
    Orc (2/2) D:9
    Elf: Orc:2

Altars:
Ashenzari
Cheibriados
Dithmenos
Elyvilon
Fedhas
Gozag
Hepliaklqana
Kikubaaqudgha
Makhleb
Nemelex Xobeh
Okawaru
Qazlal
Ru
Sif Muna
Trog
Uskayaw
Vehumet
Wu Jian
Xom
Yredelemnul
Zin
The Shining One

Shops:
Orc:2 !


Innate Abilities, Weirdness & Mutations

You are too large for most types of armour.
You have tough skin. (AC +1)
You have a pair of small antennae on your head.
You are partially covered in icy blue scales. (AC +2)
Your mind is acute. (Int +2)


Message History

You shred the ogre!!!
You kill the ogre!
The Council accepts your kill.
The orc knight roars a battlecry!
The orcs go into a battle-frenzy!
The sun demon hits you.
* * * LOW HITPOINT WARNING * * *
You are engulfed in flames!
* * * LOW HITPOINT WARNING * * *
Huge Dmg: -12%(-18hp) hp: 10%(15hp)
You spin and attack the ogre.
You completely miss the ogre.
The ogre is lightly wounded.
The orc high priest invokes the aid of Beogh against you.
Beogh smites you!
* * * LOW HITPOINT WARNING * * *
The ogre misses you.
Huge Dmg: -6%(-10hp) hp: 4%(5hp)
As you read the scroll of teleportation, it crumbles to dust.
You feel strangely unstable. The sun demon hits you!
You die...

...................
#.#......... o.... .
###.......#+#......
#.#.....#...'∩'......
..o...o..)o.#'#$.....
..#.oo.4.o.).........
......oOo.o[<[.......
.......3#o...(.......
.......@O#..).)......
.....................
....##...#...........
.....................
.#...............##..
#.............# #.
###.....#....##
....##....##


You could see an orc knight, an orc high priest, a sun demon, an ice devil, 3
orc warriors, 2 ogres, 2 orc priests and 3 orcs.

Vanquished Creatures
  Nessos (Lair:4)
  Josephine (Lair:5)
  Erolcha (D:10)
  4 hydras
  A two-headed ogre (Orc:1)
  Erica (D:9)
  Sonja (Lair:2)
  An unseen horror (D:10)
  Maurice (D:9)
  11 elephants
  Psyche (D:9)
  5 black mambas
  10 spiny frogs
  10 rime drakes
  3 komodo dragons
  A hornet (Lair:6)
  A troll (D:9)
  Prince Ribbit (D:8)
  A wind drake (Lair:6)
  A polar bear (Lair:6)
  9 blink frogs
  3 hippogriffs
  2 dream sheep (D:8)
  3 redbacks (Lair:3)
  3 wraiths (Lair:5)
  6 basilisks
  Grum (D:9)
  Eustachio (D:5)
  30 yaks
  9 steam dragons (Lair:3)
  A warg (D:9)
  10 water moccasins
  An acid dragon (Lair:3)
  2 sky beasts
  9 orc warriors
  6 porcupines
  2 ice beasts
  A phantom (D:6)
  A necrophage (D:10)
  6 ogres
  5 wolves
  10 crocodiles
  4 centaurs
  4 big kobolds (D:8)
  13 bullfrogs
  3 scorpions
  4 wights (D:7)
  4 howler monkeys
  3 crimson imps
  3 orc priests
  2 bullfrog skeletons
  2 centaur skeletons
  5 hounds
  6 jellies
  9 orc wizards
  3 iguanas
  Natasha (twice) (D:2)
  Terence (D:2)
  13 hell rats
  5 worker ants
  A hound zombie (D:9)
  A worker ant zombie (D:9)
  4 gnolls (D:7)
  16 adders
  6 oozes
  An adder zombie (D:9)
  3 worms
  A dart slug (D:1)
  9 leopard geckos
  32 orcs
  7 bats
  4 giant cockroaches
  5 hobgoblins
  14 jackals
  4 quokkas
  2 ball pythons
  5 frilled lizards
  12 goblins
  A jackal skeleton (D:5)
  A jackal zombie (D:5)
  13 kobolds
  A quokka zombie (D:9)
  6 rats
  4 butterflies (Lair:1)
417 creatures vanquished.

Vanquished Creatures (others)
  8 fungi
  8 plants (Lair:6)
16 creatures vanquished.

Grand Total: 433 creatures vanquished

Notes
Turn   | Place    | Note
-------+----------+-------------------------------------------
     0 | D:1      | Monsterracer the Ogre Transmuter began the quest for the Orb.
     0 | D:1      | Reached XP level 1. HP: 19/19 MP: 3/3
    12 | D:1      | HP: 8/19 [leopard gecko (2)]
    45 | D:1      | HP: 8/19 [jackal (2)]
    46 | D:1      | Reached XP level 2. HP: 12/27 MP: 3/5
    57 | D:1      | Learned a level 2 spell: Sticks to Snakes
    57 | D:1      | HP: 11/27 [jackal (1)]
    65 | D:1      | HP: 8/27 [jackal (2)]
   117 | D:1      | HP: 11/27 [bat (1)]
   132 | D:1      | HP: 12/27 [bat (1)]
   151 | D:1      | HP: 12/27 [bat (1)]
   153 | D:1      | Reached skill level 3 in Unarmed Combat
   795 | D:1      | Reached XP level 3. HP: 33/33 MP: 6/6
   819 | D:1      | HP: 15/33 [dart slug/slug dart (7)]
   829 | D:1      | Learned a level 3 spell: Spider Form
  1409 | D:2      | HP: 16/33 [goblin/stone (4)]
  1425 | D:2      | Reached XP level 4. HP: 22/41 MP: 3/7
  1623 | D:2      | HP: 19/41 [adder (5)]
  1628 | D:2      | HP: 14/41 [poisoned by an adder]
  1633 | D:1      | HP: 8/41 [poisoned by an adder]
  1637 | D:1      | HP: 2/41 [adder (2)]
  1645 | D:1      | HP: 1/41 [poisoned by an adder]
  2076 | D:2      | Found a white marble altar of Elyvilon.
  2114 | D:2      | Noticed Natasha
  2122 | D:2      | HP: 20/41 [poisoned by an adder]
  2123 | D:2      | Killed Natasha
  2123 | D:2      | Reached skill level 4 in Unarmed Combat
  2123 | D:2      | Reached XP level 5. HP: 12/48 MP: 8/8
  2128 | D:2      | HP: 9/48 [poisoned by an adder]
  2134 | D:2      | HP: 8/48 [poisoned by an adder]
  2142 | D:2      | HP: 8/48 [poisoned by an adder]
  2485 | D:2      | Noticed Terence
  2493 | D:2      | Killed Terence
  2561 | D:2      | Noticed Natasha
  2571 | D:2      | Killed Natasha
  3611 | D:3      | Reached XP level 6. HP: 55/55 MP: 9/9
  3671 | D:3      | HP: 27/55 [poisoned by an adder]
  3677 | D:3      | HP: 24/55 [poisoned by an adder]
  3684 | D:3      | HP: 23/55 [poisoned by an adder]
  3691 | D:3      | HP: 22/55 [poisoned by an adder]
  3699 | D:3      | HP: 21/55 [poisoned by an adder]
  4148 | D:4      | Found a basalt altar of Yredelemnul.
  4235 | D:4      | Reached skill level 5 in Unarmed Combat
  4235 | D:4      | Reached XP level 7. HP: 47/62 MP: 10/12
  4247 | D:4      | Learned a level 5 spell: Blade Hands
  4655 | D:5      | Entered Level 5 of the Dungeon
  4668 | D:5      | Reached skill level 5 in Transmutations
  4775 | D:5      | Learned a level 1 spell: Confusing Touch
  4877 | D:5      | HP: 31/66 [centaur skeleton (4)]
  5166 | D:5      | HP: 29/66 [sky beast (6)]
  5168 | D:5      | HP: 13/66 [something (5)]
  5172 | D:5      | Reached XP level 8. HP: 15/75 MP: 8/13
  5227 | D:5      | HP: 23/75 [hound (4)]
  5566 | D:5      | Noticed a hippogriff
  5574 | D:5      | Killed a hippogriff
  5574 | D:5      | Reached skill level 6 in Unarmed Combat
  5863 | D:5      | Noticed Eustachio
  5881 | D:5      | Killed Eustachio
  6569 | D:6      | HP: 31/79 [acid (9)]
  6571 | D:6      | HP: 15/79 [acid (8)]
  6572 | D:6      | HP: 6/79 [acid (7)]
  6573 | D:6      | HP: 1/79 [leopard gecko (5)]
  6582 | D:6      | HP: 2/118 [jackal (1)]
  7104 | D:6      | Found a hide-covered altar of Uskayaw.
  7210 | D:6      | HP: 38/79 [phantom (6)]
  7215 | D:6      | HP: 15/79 [orc warrior/mace (7)]
  7218 | D:6      | Reached skill level 7 in Unarmed Combat
  7218 | D:6      | Reached XP level 9. HP: 17/87 MP: 14/14
  7220 | D:6      | HP: 13/87 [something/magic dart (5)]
  7569 | D:6      | Reached skill level 5 in Fighting
  7690 | D:6      | Found a staircase to the Ecumenical Temple.
  7750 | Temple   | Entered the Ecumenical Temple
  8000 | Temple   | Became a worshipper of the Wu Jian Council
  8007 | Temple   | Learned a level 4 spell: Ice Form
  8477 | D:7      | Reached skill level 1 in Ice Magic
  8487 | D:7      | HP: 44/88 [poisoned by a worker ant]
  8495 | D:7      | HP: 44/88 [poisoned by a worker ant]
  8752 | D:7      | Found a basalt altar of Yredelemnul.
  8911 | D:7      | Found a hazy altar of Hepliaklqana.
  9679 | D:8      | Reached * piety under Wu Jian
  9808 | D:8      | Noticed Prince Ribbit
  9820 | D:8      | Killed Prince Ribbit
  9820 | D:8      | Reached skill level 1 in Hexes
 10123 | D:8      | Reached skill level 8 in Unarmed Combat
 10130 | D:8      | Reached XP level 10. HP: 79/98 MP: 15/15
 10300 | D:8      | Noticed a three-headed hydra
 10307 | D:8      | Killed a three-headed hydra
 10815 | D:9      | Noticed Grum
 10823 | D:9      | Killed Grum
 11046 | D:9      | Noticed Erica
 11051 | D:9      | Reached ** piety under Wu Jian
 11057 | D:9      | Killed Erica
 11059 | D:9      | HP: 42/102 [centaur/arrow (12)]
 11064 | D:9      | Reached skill level 9 in Unarmed Combat
 11136 | D:9      | HP: 41/102 [troll (11)]
 11139 | D:9      | HP: 12/102 [troll (12)]
 11139 | D:9      | HP: 3/102 [troll (9)]
 11139 | D:9      | HP: 1/102 [troll (2)]
 11157 | D:9      | Found a staircase to the Orcish Mines.
 11687 | D:9      | Noticed Maurice
 11746 | D:9      | Gained mutation: You occasionally shout uncontrollably at your foes. [mutagenic meat]
 11747 | D:9      | Gained mutation: Your magical capacity is low. (-10% MP) [mutagenic meat]
 11748 | D:9      | Gained mutation: You have a pair of small antennae on your head. [mutagenic meat]
 11749 | D:9      | Gained mutation: You are weak. (Str -2) [mutagenic meat]
 11750 | D:9      | Lost mutation: You occasionally shout uncontrollably at your foes. [potion of mutation]
 11750 | D:9      | Gained mutation: You are dopey. (Int -2) [potion of mutation]
 11750 | D:9      | Gained mutation: You are resistant to hostile enchantments. (MR+) [potion of mutation]
 11929 | D:9      | Found a glowing silver altar of Zin.
 11929 | D:9      | Found an opulent altar of Gozag.
 12211 | D:9      | Noticed Psyche
 12219 | D:9      | Killed Psyche
 12245 | D:9      | Reached XP level 11. HP: 95/110 MP: 5/14
 12609 | D:9      | Killed Maurice
 12807 | D:10     | Entered Level 10 of the Dungeon
 13046 | D:10     | HP: 47/111 [yak (10)]
 13064 | D:10     | HP: 40/111 [centaur/arrow (12)]
 13070 | D:10     | HP: 32/111 [centaur/arrow (5)]
 13079 | D:10     | HP: 26/111 [centaur/arrow (8)]
 13563 | D:10     | Killed an unseen horror
 13797 | D:10     | Reached *** piety under Wu Jian
 14354 | D:10     | Found a staircase to the Lair.
 14438 | D:10     | Noticed Erolcha
 14445 | D:10     | Killed Erolcha
 14445 | D:10     | Reached skill level 10 in Unarmed Combat
 14482 | Lair:1   | Entered Level 1 of the Lair of Beasts
 14519 | Lair:1   | Reached skill level 5 in Dodging
 14521 | Lair:1   | HP: 50/113 [komodo dragon (31)]
 14528 | D:10     | HP: 38/113 [komodo dragon (14)]
 14806 | Lair:1   | Reached skill level 10 in Transmutations
 15547 | Lair:1   | Reached XP level 12. HP: 111/124 MP: 8/15
 16469 | Lair:2   | Noticed Sonja
 16484 | Lair:1   | HP: 61/124 [poisoned by Sonja (curare-tipped needle)]
 16490 | Lair:1   | HP: 58/124 [poisoned by Sonja (curare-tipped needle)]
 16496 | Lair:1   | HP: 56/124 [poisoned by Sonja (curare-tipped needle)]
 16502 | Lair:1   | HP: 57/124 [poisoned by Sonja (curare-tipped needle)]
 16736 | Lair:1   | HP: 58/124 [poisoned by Sonja (curare-tipped needle)]
 16741 | Lair:1   | HP: 45/124 [poisoned by Sonja (curare-tipped needle)]
 16746 | Lair:1   | HP: 37/124 [poisoned by Sonja (curare-tipped needle)]
 16751 | Lair:1   | HP: 34/124 [poisoned by Sonja (curare-tipped needle)]
 16756 | Lair:1   | HP: 33/124 [poisoned by Sonja (curare-tipped needle)]
 16761 | Lair:1   | HP: 33/124 [poisoned by Sonja (curare-tipped needle)]
 16766 | Lair:1   | HP: 33/124 [poisoned by Sonja (curare-tipped needle)]
 17064 | Lair:2   | Killed Sonja
 17071 | Lair:2   | Noticed an eight-headed hydra
 17076 | Lair:2   | HP: 67/151 [eight-headed hydra (13)]
 17500 | Lair:2   | HP: 63/126 [crocodile (15)]
 17844 | Lair:2   | HP: 70/151 [eight-headed hydra (15)]
 17845 | Lair:2   | Killed an eight-headed hydra
 17845 | Lair:2   | Reached skill level 10 in Fighting
 17845 | Lair:2   | Reached skill level 11 in Unarmed Combat
 18140 | Lair:2   | Reached **** piety under Wu Jian
 18775 | Lair:2   | Found a basalt altar of Yredelemnul.
 19718 | Lair:3   | Found a hole to the Spider Nest.
 20034 | Lair:3   | Reached skill level 5 in Spellcasting
 20372 | Lair:3   | HP: 50/128 [rime drake/flash freeze (24)]
 20376 | Lair:3   | HP: 23/128 [rime drake (5)]
 20826 | Lair:3   | Reached skill level 12 in Unarmed Combat
 20946 | Lair:3   | HP: 63/130 [rime drake/flash freeze (17)]
 20947 | Lair:3   | Reached XP level 13. HP: 66/137 MP: 12/18
 21366 | Lair:3   | HP: 67/137 [rime drake/flash freeze (26)]
 21370 | Lair:3   | HP: 23/137 [steam dragon (11)]
 22624 | Lair:4   | Noticed Nessos
 22641 | Lair:4   | Killed Nessos
 22951 | Lair:4   | Found a staircase to the Swamp.
 23388 | Lair:5   | Reached skill level 13 in Unarmed Combat
 23389 | Lair:5   | Found a staircase to the Slime Pits.
 23791 | Lair:5   | HP: 74/168 [black mamba (15)]
 23797 | Lair:5   | HP: 55/168 [poisoned by a black mamba]
 23802 | Lair:5   | HP: 53/168 [poisoned by a black mamba]
 23807 | Lair:5   | HP: 53/168 [poisoned by a black mamba]
 23812 | Lair:5   | HP: 53/168 [poisoned by a black mamba]
 23820 | Lair:5   | HP: 54/168 [poisoned by a black mamba]
 24124 | Lair:5   | Identified Witchery Continued
 24174 | Lair:5   | HP: 63/140 [spiny frog (13)]
 24179 | Lair:5   | HP: 51/140 [poisoned by a spiny frog]
 24184 | Lair:5   | HP: 46/140 [poisoned by a spiny frog]
 24190 | Lair:5   | HP: 43/140 [poisoned by a spiny frog]
 24196 | Lair:5   | HP: 41/140 [poisoned by a spiny frog]
 24201 | Lair:5   | HP: 40/140 [poisoned by a spiny frog]
 24208 | Lair:5   | HP: 41/140 [poisoned by a spiny frog]
 24216 | Lair:5   | HP: 41/140 [poisoned by a spiny frog]
 24392 | Lair:5   | Noticed Josephine
 24410 | Lair:5   | Killed Josephine
 24431 | Lair:5   | Lost mutation: You are resistant to hostile enchantments. (MR+) [potion of mutation]
 24431 | Lair:5   | Lost mutation: Your magical capacity is low. (-10% MP) [potion of mutation]
 24431 | Lair:5   | Lost mutation: You are weak. (Str -2) [potion of mutation]
 24431 | Lair:5   | Lost mutation: You are dopey. (Int -2) [potion of mutation]
 24431 | Lair:5   | Gained mutation: Your mind is acute. (Int +2) [potion of mutation]
 24431 | Lair:5   | Gained mutation: You are partially covered in icy blue scales. (AC +2) [potion of mutation]
 24805 | Lair:6   | Entered Level 6 of the Lair of Beasts
 24971 | Lair:6   | HP: 77/169 [hippogriff (8)]
 24976 | Lair:6   | HP: 59/169 [spiny frog (20)]
 24986 | Lair:6   | HP: 52/169 [crocodile (10)]
 24988 | Lair:5   | Reached skill level 1 in Evocations
 25611 | Lair:6   | HP: 70/141 [elephant (2)]
 25616 | Lair:6   | HP: 46/141 [poisoned by a sea snake]
 25621 | Lair:6   | HP: 35/141 [poisoned by a sea snake]
 25626 | Lair:6   | HP: 16/169 [poisoned by a sea snake]
 25631 | Lair:6   | HP: 13/169 [poisoned by a sea snake]
 25637 | Lair:6   | HP: 19/253 [poisoned by a sea snake]
 25643 | Lair:6   | HP: 13/169 [poisoned by a sea snake]
 25648 | Lair:5   | HP: 14/169 [poisoned by a sea snake]
 25653 | Lair:5   | HP: 14/169 [poisoned by a sea snake]
 26089 | Orc:1    | Entered Level 1 of the Orcish Mines
 26182 | Orc:2    | Entered Level 2 of the Orcish Mines
 26188 | Orc:2    | Reached XP level 14. HP: 111/150 MP: 16/21
 26441 | Orc:2    | Found Qul Fahu's Distillery.
 26446 | Orc:2    | HP: 69/150 [orc warrior/dire flail (12)]
 26448 | Orc:2    | HP: 33/150 [orc priest/morningstar (11)]
 26450 | Orc:2    | HP: 15/150 [sun demon[an orc high priest] (17)]
 26451 | Orc:2    | HP: 5/150 [orc high priest/divine providence (11)]
 26452 | Orc:2    | Mangled by a sun demon

Vault maps used:
D:1:      lightli_arrival_chessboard
D:2:      grunt_ministairs_5, elyvilon_altar_5, uniq_terence, uniq_natasha
D:4:      yredelemnul_altar_generic
D:5:      first_bread, uniq_eustachio
D:6:      temple_statues, basic_altar
D:7:      minitemple
D:8:      hangedman_ranch, uniq_prince_ribbit1
D:9:      grunt_temple_overflow_gold_and_silver, david_orc_1_choice, uniq_erica,
          uniq_grum, uniq_maurice, uniq_psyche
D:10:     lair_entry_dummy, uniq_erolcha
Temple:   dpeg_five_rooms_temple
Lair:1:   hangedman_lair_generics_rect, infiniplex_staircase_pool_2,
          lemuel_fruit_fields
Lair:2:   basic_altar, uniq_sonja
Lair:3:   spider_nest_entry_webs, bobbens_dragon_lair_wall, grunt_megastairs_5,
          lemuel_fruit_fields
Lair:4:   swamp_mist, nicolae_quartered_pool_super, uniq_nessos
Lair:5:   nicolae_slime_entry_slimehenge, uniq_josephine
Lair:6:   gammafunk_lair_ancient_temple
Orc:1:    serial_shops, shop, guppyfry_library_mini
Orc:2:    st_orc_pillars, serial_shops,
          nicolae_shop_temple_entry_statues_fountains, nicolae_shop_behind_doors

Skill      XL: |  1  2  3  4  5  6  7  8  9 10 11 12 13 14 |
---------------+-------------------------------------------+-----
Transmutations | 2 3 4 5 6 7 8 10 11 | 11.0
Unarmed Combat | 3 4 5 7 8 9 10 12 13 | 13.8
Spellcasting   | 3 5 |  5.0
Fighting       | 3 4 6 7 9 11 12 | 12.9
Dodging        | 3 4 5 |  5.6
Ice Magic      | 2 3 4 |  4.0
Hexes          | 1 3 4 |  4.0
Evocations     | 2 |  2.2

Action                   |  1- 3 |  4- 6 |  7- 9 | 10-12 | 13-15 || total
-------------------------+-------+-------+-------+-------+-------++-------
Melee: Unarmed           |   128 |   177 |   313 |   462 |   300 ||  1380
       Kick              |     9 |     4 |       |       |       ||    13
       Headbutt          |     2 |       |       |       |       ||     2
       Punch             |     1 |     1 |     2 |    16 |     7 ||    27
 Cast: Beastly Appendage |     7 |     3 |       |       |       ||    10
       Spider Form       |     4 |    12 |    27 |    15 |       ||    58
       Sticks to Snakes  |       |     1 |     1 |     3 |       ||     5
       Confusing Touch   |       |       |     1 |    10 |     4 ||    15
       Blade Hands       |       |       |     3 |    54 |    21 ||    78
       Ice Form          |       |       |       |     3 |     8 ||    11
Invok: Serpent's Lash    |       |       |       |       |     2 ||     2
 Abil: End Transformatio |       |       |     1 |     1 |       ||     2
       Evoke Berserk Rag |       |       |       |       |     1 ||     1
  Use: Potion            |       |       |     2 |     1 |     1 ||     4
       Scroll            |       |       |    20 |     9 |     8 ||    37
 Stab: Sleeping          |     1 |       |     1 |       |       ||     2
       Confused          |       |       |     1 |     4 |     1 ||     6
  Eat: Chunk             |     2 |    11 |    13 |    47 |    17 ||    90
       Fruit             |       |       |     1 |    14 |    11 ||    26
       Meat ration       |       |       |     2 |       |       ||     2
Armor: Robe              |    29 |    18 |    27 |    37 |     9 ||   120
       Skin              |     3 |     2 |    10 |     6 |    15 ||    36
       Steam dragon scal |       |       |       |       |     8 ||     8
Dodge: Dodged            |    87 |   113 |   224 |   179 |   114 ||   717

Table legend:
 A = Spawn XP
 B = Non-spawn XP
 C = Spawn XP percentage of total XP
 D = Spawn monster count
 E = Non-spawn monster count
 F = Spawn count percentage of total count
 G = Total turns spent on level
                    A         B        C        D         E        F      G
               +---------+---------+-------+---------+---------+-------+---------
         Total |       0 |   55597 |   0.0 |       0 |     413 |   0.0 | 26452
               +---------+---------+-------+---------+---------+-------+---------
           D:1 |       0 |      62 |   0.0 |       0 |      27 |   0.0 |  1584
           D:2 |       0 |     197 |   0.0 |       0 |      29 |   0.0 |  1133
           D:3 |       0 |      75 |   0.0 |       0 |      19 |   0.0 |  1125
           D:4 |       0 |     411 |   0.0 |       0 |      11 |   0.0 |   813
           D:5 |       0 |    1165 |   0.0 |       0 |      30 |   0.0 |  2204
           D:6 |       0 |     718 |   0.0 |       0 |      23 |   0.0 |  1254
           D:7 |       0 |     630 |   0.0 |       0 |      18 |   0.0 |  1217
           D:8 |       0 |    2715 |   0.0 |       0 |      21 |   0.0 |  1527
           D:9 |       0 |    4396 |   0.0 |       0 |      35 |   0.0 |  2026
          D:10 |       0 |    4449 |   0.0 |       0 |      29 |   0.0 |  1665
        Lair:1 |       0 |    5095 |   0.0 |       0 |      24 |   0.0 |  2321
        Lair:2 |       0 |    6333 |   0.0 |       0 |      24 |   0.0 |  2320
        Lair:3 |       0 |    7579 |   0.0 |       0 |      35 |   0.0 |  2576
        Lair:4 |       0 |    6609 |   0.0 |       0 |      16 |   0.0 |  1422
        Lair:5 |       0 |    5311 |   0.0 |       0 |      27 |   0.0 |  2139
        Lair:6 |       0 |    8323 |   0.0 |       0 |      32 |   0.0 |   486
         Orc:1 |       0 |     918 |   0.0 |       0 |       2 |   0.0 |   340
         Orc:2 |       0 |     611 |   0.0 |       0 |      11 |   0.0 |    23
               +---------+---------+-------+---------+---------+-------+---------
